 Dungeon Crawl Stone Soup version 0.29-a0-284-gf9362112df (webtiles) character file.

Game seed: 16547448583501541354

79 sammy202020 the Skirmisher (level 4, -1/37 HPs)
             Began as a Demonspawn Berserker on Mar 26, 2022.
             Was a Believer of Trog.
             Succumbed to Ijyb's poison
             ... on level 3 of the Dungeon.
             The game lasted 00:03:47 (1925 turns).

sammy202020 the Skirmisher (Demonspawn Berserker)   Turns: 1925, Time: 00:03:48

Health: -1/37      AC:  8    Str: 17 (18) XL:     4   Next: 16%
Magic:  4/4        EV:  7    Int:  9 (10) God:    Trog [**....]
Gold:   161        SH:  0    Dex:  9 (12) Spells: 3/3 levels left

rFire   . . .      SeeInvis .   a - +0 hand axe
rCold   . . .      Faith    .   (no shield)
rNeg    . . .      Spirit   .   i - +0 chain mail
rPois   .          Reflect  .   (no helmet)
rElec   .          Harm     .   (no cloak)
rCorr   .          Rampage  .   (no gloves)
Will    +....                   (no boots)
Stlth   ..........              p - amulet of regeneration
HPRegen 0.92/turn               g - ring of willpower
MPRegen 0.09/turn               (no ring)

@: lethally poisoned (-1 -> -15)
A: demonic guardian 1
a: Renounce Religion, Berserk, Trog's Hand


You were on level 3 of the Dungeon.
You worshipped Trog.
Trog was pleased with you.
You visited 1 branch of the dungeon, and saw 3 of its levels.

You collected 161 gold pieces.

Inventory:

Hand Weapons
 a - a +0 hand axe (weapon)
 k - a +0 mace
 n - a +2 whip of draining
Missiles
 d - 4 poisoned darts (quivered)
Armour
 i - a +0 chain mail (worn)
Jewellery
 g - a ring of willpower (left hand)
 p - an amulet of regeneration (around neck)
Potions
 e - a potion of haste
 j - a potion of magic {unknown}
 m - a potion of mutation {unknown}
 o - a potion of attraction {unknown}


   Skills:
 * Level 3.7 Fighting
 * Level 3.4 Axes
 + Level 2.3 Armour
 + Level 2.2 Dodging


You had 3 spell levels left.
You didn't know any spells.
Your spell library was empty.

Dungeon Overview and Level Annotations

Branches:
Dungeon (3/15)

Altars:

Shops:
D:1 =

Annotations:
D:3 Ijyb


Innate Abilities, Weirdness & Mutations

A weak demonic guardian rushes to your aid.


Message History

You feel very sick. Ijyb closely misses you.
You hit Ijyb but do no damage. You punch Ijyb, but do no damage.
Ijyb is severely wounded.
You feel very sick. Ijyb barely misses you.
You hit Ijyb but do no damage.
Ijyb is severely wounded.
You feel very sick.
Ijyb screams, "You nasty!
Big nasty!"
Ijyb hits you but does no damage.
You are more poisoned.
You closely miss Ijyb.
Ijyb is severely wounded.
You feel very sick. Ijyb closely misses you.
You hit Ijyb but do no damage.
Ijyb is severely wounded.
You feel very sick.
Ijyb hits you with a +2 dagger of venom.
You are more poisoned.
Ijyb hits you but does no damage.
You are lethally poisoned!
You fail to use your ability.
* * * LOW HITPOINT WARNING * * *
You feel very sick. Ijyb hits you but does no damage.
You are more poisoned.
You hit Ijyb but do no damage.
Ijyb is severely wounded.
* * * LOW HITPOINT WARNING * * *
You feel extremely sick.
Ijyb zaps a wand.
The puff of flame hits you.
* * * LOW HITPOINT WARNING * * *
A demonic guardian appears!
Unknown command.
It was a potion of degeneration.
There was something very wrong with that liquid.
You feel weakened.
You feel dopey.
You feel clumsy.
You die...

### #.. #.#### #.#.. ###
#.#.#...
########.#.#.#####.###
......................
####.#.##.###########
##@5...............
.....?g.....).....(.....
...####.#.##.#........##
#.#.##.#........#
..#.##.#........#
...#....#........#
#...######........#
#...+ +..........
#........##


You could see Ijyb (ally target) and a friendly iron imp (summoned).

Vanquished Creatures
  An adder (D:2)
  A dart slug (D:2)
  2 endoplasms (D:1)
  6 giant cockroaches
  3 goblins
  5 hobgoblins
  A jackal (D:2)
  A quokka (D:1)
  5 ball pythons
  5 bats
  2 frilled lizards (D:1)
  A kobold (D:2)
  4 rats
37 creatures vanquished.

Vanquished Creatures (collateral kills)
  A gnoll (D:1)
  An adder (D:2)
  A dart slug (D:2)
  2 jackals (D:2)
  A kobold (D:1)
  A frilled lizard (D:1)
  A rat (D:2)
8 creatures vanquished.

Grand Total: 45 creatures vanquished

Notes
Turn   | Place    | Note
-------+----------+-------------------------------------------
     0 | D:1      | sammy202020 the Demonspawn Berserker began the quest for
                  | the Orb.
     0 | D:1      | Reached XP level 1. HP: 18/18 MP: 1/1
   157 | D:1      | Gained mutation: A weak demonic guardian rushes to your
                  | aid. [demonic ancestry]
   157 | D:1      | Reached XP level 2. HP: 24/24 MP: 2/2
   192 | D:1      | Found Faun's Jewellery Shoppe.
   884 | D:1      | Reached XP level 3. HP: 29/29 MP: 3/3
  1471 | D:2      | Reached ** piety under Trog
  1695 | D:2      | Reached XP level 4. HP: 26/37 MP: 4/4
  1911 | D:3      | Noticed Ijyb
  1925 | D:3      | Succumbed to Ijyb's poison

Illustrated notes

Levels and vault maps discovered:
D:1:      roderic_chinese_lattice_arrival, layout_basic, serial_shops,
          nicolae_square_shop, minmay_misc_feat_chi
D:2:      layout_basic
D:3:      layout_basic, uniq_ijyb

Skill      XL: |  1  2 |
---------------+-------+-----
Axes           | 3 |  3.4
Armour         | 2 |  2.3
Dodging        | 2 |  2.2
Fighting       | |  3.7

Action                   |  1- 3 |  4- 6 || total
-------------------------+-------+-------++-------
Melee: Hand axe          |   100 |    22 ||   122
       Punch             |       |     1 ||     1
  Use: Scroll            |       |     5 ||     5
       Potion            |       |     1 ||     1
Armor: Animal skin       |     9 |       ||     9
       Chain mail        |    51 |    13 ||    64
Dodge: Dodged            |    44 |     8 ||    52

Table legend: (Time is in decaauts)
 A = Elapsed time spent in this place.
 B = Non-inter-level travel time spent in this place.
 C = Inter-level travel time spent in this place.
 D = Time resting spent in this place.
 E = Time spent auto-exploring this place.
 F = Levels seen in this place.
 G = Mean time per level.
                   A        B        C        D        E       F      G
               +--------+--------+--------+--------+--------+-----+--------+
         Total |   1941 |   1941 |      0 |      2 |   1583 |   3 |  647.0 |
       Dungeon |   1941 |   1941 |      0 |      2 |   1583 |   3 |  647.0 |
               +--------+--------+--------+--------+--------+-----+--------+

Top non-repeatable levels by time:
     D:1: 1311 daAuts
     D:2: 569 daAuts
     D:3: 59 daAuts
